 Dungeon Crawl Stone Soup version 0.24.0-125-gc4c63601f3 (webtiles) character file.

Game seed: 10221104869309702158, levelgen mode: deterministic

694884 Amplified the Sorcerer (level 27, -11/230 HPs)
             Began as a Mummy Gladiator on Mar 14, 2020.
             Was an Initiate of Gozag.
             Mangled by a Killer Klown
             ... wielding a +8 club
              (19 damage)
             ... on level 2 of the Realm of Zot on Mar 16, 2020.
             The game lasted 03:03:49 (71198 turns).

Amplified the Sorcerer (Mummy Gladiator)           Turns: 71198, Time: 03:03:49

Health: -11/230    AC: 23    Str: 23 (26) XL:     27
Magic:  37/50      EV: 20    Int: 15 (17) God:    Gozag
Gold:   6034       SH: 18    Dex: 20 (21) Spells: 22/73 levels left

rFire    + + .     SeeInvis +   J - +8 broad axe (freeze)
rCold    + . .     Gourm    .   e - +3 shield {AC+3}
rNeg     + + +     Faith    .   W - +3 ring mail of Dawn {rF++ MR+ Str+4}
rPois    ∞         Spirit   .   R - +2 helmet {SInv}
rElec    +         Reflect  .   b - +0 cloak of Circular Logic {rF+ rCorr}
rCorr    +         Harm     .   H - +1 pair of gloves "Siodec" {Dex+7}
MR       +++++     Clarity  +   c - +2 pair of boots {Fly}
Stlth    +.........             V - amulet of the Four Winds {rN+ MR+++ Clar}
HPRegen  0.48/turn              k - ring "Zymonivu" {Wiz rElec MR+ Str+2}
MPRegen  0.32/turn              Y - ring of Fun {+Inv rF+ SInv Stlth+}

@: silence (expiring), fire vulnerable, gold aura, flying, studying 2 skills
A: no food or potions, fire vulnerability, cold resistance 1, negative energy
resistance 3, torment resistance, unbreathing, in touch with death 2
}: 5/15 runes: serpentine, barnacled, slimy, silver, abyssal
a: Renounce Religion, Evoke Invisibility, Stop Flying


You were on level 2 of the Realm of Zot.
You worshipped Gozag.
Gozag was greatly pleased with you.
You were not hungry.

You visited 12 branches of the dungeon, and saw 55 of its levels.
You visited the Abyss 1 time.
You also visited: Trove, Bailey, Gauntlet, Volcano and Wizlab.

You collected 36776 gold pieces.
You spent 12089 gold pieces at shops.
You paid 18653 gold pieces to Gozag.

Inventory:

Hand Weapons
 j - the +4 broad axe of the Real Monster {venom, *Slow rPois rF+++ Dex+3}
   (You found it in a bailey)

   It poisons the flesh of those it strikes.
   It affects your dexterity (+3).
   It renders you almost immune to fire.
   It protects you from poison.
   It may slow you when you take damage.
 J - a +8 broad axe of freezing (weapon)
 X - a +3 broad axe of electrocution
Missiles
 a - 6 throwing nets (quivered)
 m - 54 silver javelins
 t - 104 poisoned darts
Armour
 b - the +0 cloak of Circular Logic (worn) {rF+ rCorr}
   (You found it in a Gauntlet)

   It protects you from fire.
   It provides partial protection from all sources of acid and corrosion.
 c - a +2 pair of boots of flying (worn)
 d - the +3 salamander hide armour {+Rage rF++}
   (You took it off a deep elf high priest on level 3 of the Elven Halls)

   It greatly protects you from fire.
   It lets you go berserk.
 e - a +3 shield of protection (worn)
 g - the +1 cloak "Jaar" {rPois MR+ Int+5}
   (You bought it in a shop on level 1 of the Shoals)

   It affects your intelligence (+5).
   It protects you from poison.
   It affects your resistance to hostile enchantments.
 o - the +3 scale mail of Polish {Str+4 Stlth+}
   (You bought it in a shop on level 1 of the Shoals)

   It affects your strength (+4).
   It makes you more stealthy.
 E - +6 gold dragon scales
 H - the +1 pair of gloves "Siodec" (worn) {Dex+7}
   (You bought it in a shop on level 8 of the Dungeon)

   It affects your dexterity (+7).
 R - a +2 helmet of see invisible (worn)
 S - the +1 plate armour of the Hills {-Tele +Inv MR- rCorr}
   (You bought it in a shop on level 2 of the Elven Halls)

   It affects your resistance to hostile enchantments.
   It lets you turn invisible.
   It prevents most forms of teleportation.
   It provides partial protection from all sources of acid and corrosion.
 T - the +1 plate armour of the Swamp {+Inv rF+ Dex+2}
   (You bought it in a shop on level 1 of the Shoals)

   It affects your dexterity (+2).
   It protects you from fire.
   It lets you turn invisible.
 W - the +3 ring mail of Dawn (worn) {rF++ MR+ Str+4}
   (You found it on level 3 of the Elven Halls)

   It affects your strength (+4).
   It greatly protects you from fire.
   It affects your resistance to hostile enchantments.
Jewellery
 k - the ring "Zymonivu" (left hand) {Wiz rElec MR+ Str+2}
   (You bought it in a shop on level 2 of the Snake Pit)

   [ring of wizardry]

   It improves your spell success rate.
   It affects your strength (+2).
   It insulates you from electricity.
   It affects your resistance to hostile enchantments.
 P - the ring of Vuynout {rC+ Stlth+}
   (You found it on level 4 of the Shoals)

   [ring of stealth]

   It protects you from cold.
   It makes you more stealthy.
 U - the ring "Inocoa" {rPois rF+ Int-5 Slay+3 Stlth+}
   (You found it on level 5 of the Pits of Slime)

   [ring of poison resistance]

   It affects your intelligence (-5).
   It affects your accuracy and damage with ranged weapons and melee attacks
   (+3).
   It protects you from fire.
   It protects you from poison.
   It makes you more stealthy.
 V - the amulet of the Four Winds (around neck) {rN+ MR+++ Clar}
   (You took it off a yaktaur on level 5 of the Vaults)

   [amulet of nothing]

   It protects you from negative energy.
   It affects your resistance to hostile enchantments.
   It protects you against confusion.
 Y - the ring of Fun (right hand) {+Inv rF+ SInv Stlth+}
   (You found it on level 5 of the Pits of Slime)

   [ring of protection from fire]

   It protects you from fire.
   It lets you see invisible.
   It lets you turn invisible.
   It makes you more stealthy.
Wands
 h - a wand of scattershot (9)
 n - a wand of acid (26)
 F - a wand of digging (11)
 G - a wand of disintegration (20)
 K - a wand of polymorph (57)
 N - a wand of iceblast (33)
 Q - a wand of paralysis (23)
Scrolls
 f - 3 scrolls of fear
 i - 13 scrolls of amnesia
 p - 11 scrolls of teleportation
 s - 4 scrolls of brand weapon
 x - 17 scrolls of remove curse
 z - 2 scrolls of identify
 C - 4 scrolls of fog
 D - 5 scrolls of magic mapping
 L - a scroll of blinking
 M - a scroll of silence
Books
 v - a manual of Bows
 w - a manual of Hexes
Miscellaneous
 l - a phial of floods
 u - a crystal ball of energy
 A - 4 boxes of beasts
 B - 4 sacks of spiders


   Skills:
 * Level 21.7 Fighting
 - Level 17.8(18.0) Axes
   Level 5.1(14.5) Polearms
   Level 11.4(11.8) Staves
 - Level 1.5 Throwing
 - Level 9.0 Armour
 - Level 11.6 Dodging
 - Level 15.5 Shields
 * Level 23.9 Spellcasting
 * Level 10.9 Hexes
 - Level 9.3 Charms
 - Level 6.9 Summonings
 - Level 10.9 Necromancy
 - Level 5.5 Translocations
 * Level 8.4 Fire Magic
 - Level 10.9 Air Magic
 - Level 12.1 Evocations


You had 22 spell levels left.
You knew the following spells:

 Your Spells              Type           Power        Failure   Level  Hunger
a - Vampiric Draining     Necr           #######...   1%          3    N/A
b - Portal Projectile     Hex/Tloc       #####.       1%          3    N/A
c - Spectral Weapon       Hex/Chrm       #####...     1%          3    N/A
d - Confusing Touch       Hex            ######       1%          1    N/A
e - Ignition              Fire           #####.....   94%         8    N/A
f - Deflect Missiles      Chrm/Air       #####.....   3%          6    N/A
g - Aura of Abjuration    Summ           #####.....   2%          5    N/A
h - Silence               Hex/Air        ######....   1%          5    N/A
i - Apportation           Tloc           ####..       1%          1    N/A
j - Passwall              Tmut/Erth      ###.....     2%          2    N/A
k - Borgnjor's Vile Clut  Necr/Erth      ######....   4%          5    N/A
l - Dispel Undead         Necr           #######.     1%          5    N/A
m - Force Lance           Conj/Tloc      ####....     4%          4    N/A

Your spell library contained the following spells:

 Spells                   Type           Power        Failure   Level  Hunger
 Animate Skeleton         Necr           N/A          1%          1    N/A
 Corona                   Hex            ######.      1%          1    N/A
 Freeze                   Ice            ###.         1%          1    N/A
 Magic Dart               Conj           ###.         1%          1    N/A
 Pain                     Necr           ####         1%          1    N/A
 Shock                    Conj/Air       ####         1%          1    N/A
 Sting                    Conj/Pois      ###.         1%          1    N/A
 Summon Butterflies       Summ           #####...     1%          1    N/A
 Summon Small Mammal      Summ           ####         1%          1    N/A
 Blink                    Tloc           N/A          1%          2    N/A
 Call Imp                 Summ           #####...     1%          2    N/A
 Corpse Rot               Necr           N/A          1%          2    N/A
 Ensorcelled Hibernation  Hex/Ice        ####..       1%          2    N/A
 Poisonous Vapours        Pois/Air       ####..       1%          2    N/A
 Slow                     Hex            ######..     1%          2    N/A
 Swiftness                Chrm/Air       #####...     1%          2    N/A
 Call Canine Familiar     Summ           #####...     1%          3    N/A
 Confuse                  Hex            ######..     1%          3    N/A
 Conjure Flame            Conj/Fire      ####....     1%          3    N/A
 Dazzling Spray           Conj/Hex       ####..       1%          3    N/A
 Gell's Gravitas          Tloc           ####......   1%          3    N/A
 Ignite Poison            Fire/Tmut/Pois ####....     1%          3    N/A
 Inner Flame              Hex/Fire       #####...     1%          3    N/A
 Lesser Beckoning         Tloc           ####......   1%          3    N/A
 Mephitic Cloud           Conj/Pois/Air  ####....     1%          3    N/A
 Ozocubu's Armour         Chrm/Ice       ####....     1%          3    N/A
 Recall                   Summ/Tloc      N/A          1%          3    N/A
 Static Discharge         Conj/Air       ####....     1%          3    N/A
 Summon Guardian Golem    Hex/Summ       #####...     1%          3    N/A
 Tukima's Dance           Hex            ######..     1%          3    N/A
 Animate Dead             Necr           N/A          1%          4    N/A
 Cause Fear               Hex            ######....   1%          4    N/A
 Fulminant Prism          Conj/Hex       ####......   1%          4    N/A
 Leda's Liquefaction      Hex/Erth       ####......   1%          4    N/A
 Passage of Golubria      Tloc           N/A          1%          4    N/A
 Summon Lightning Spire   Summ/Air       #####...     1%          4    N/A
 Agony                    Necr           #######.     1%          5    N/A
 Excruciating Wounds      Chrm/Necr      #######...   1%          5    N/A
 Summon Mana Viper        Hex/Summ       #####...     1%          5    N/A
 Searing Ray              Conj           ###...       2%          2    N/A
 Sticks to Snakes         Tmut           ###.....     2%          2    N/A
 Throw Frost              Conj/Ice       ###...       2%          2    N/A
 Summon Demon             Summ           #####.....   2%          5    N/A
 Summon Forest            Summ/Tloc      #####.....   2%          5    N/A
 Darkness                 Hex            ######....   2%          6    N/A
 Death Channel            Necr           #######...   2%          6    N/A
 Invisibility             Hex            ######..     2%          6    N/A
 Summon Ice Beast         Ice/Summ       ####....     3%          4    N/A
 Stone Arrow              Conj/Erth      ###...       4%          3    N/A
 Bolt of Draining         Conj/Necr      ######....   4%          5    N/A
 Lightning Bolt           Conj/Air       ####......   4%          5    N/A
 Metabolic Englaciation   Hex/Ice        ####......   4%          5    N/A
 Yara's Violent Unravell  Hex/Tmut       ####......   4%          5    N/A
 Iskenderun's Battlesphe  Conj/Chrm      ####....     6%          5    N/A
 Shadow Creatures         Summ           N/A          12%         6    N/A
 Iskenderun's Mystic Bla  Conj           ###.....     14%         4    N/A
 Olgreb's Toxic Radiance  Pois           ###.....     14%         4    N/A
 Petrify                  Tmut/Erth      ###.....     14%         4    N/A
 Throw Icicle             Conj/Ice       ###.....     14%         4    N/A
 Conjure Ball Lightning   Conj/Air       ####......   22%         6    N/A
 Simulacrum               Ice/Necr       ######....   22%         6    N/A
 Haunt                    Necr/Summ      #######...   28%         7    N/A
 Ring of Flames           Chrm/Fire      #####.....   28%         7    N/A
 Alistair's Intoxication  Tmut/Pois      ###.....     34%         5    N/A
 Irradiate                Conj/Tmut      ###.......   34%         5    N/A
 Lee's Rapid Deconstruct  Erth           ###.......   34%         5    N/A
 Venom Bolt               Conj/Pois      ###.......   34%         5    N/A
 Freezing Cloud           Conj/Ice/Air   ####......   41%         6    N/A
 Summon Hydra             Summ           #####.....   52%         7    N/A
 Discord                  Hex            ######....   65%         8    N/A
 Infestation              Necr           #######...   65%         8    N/A
 Bolt of Cold             Conj/Ice       ###.......   88%         6    N/A
 Ozocubu's Refrigeration  Ice            ###.......   88%         6    N/A
 Poison Arrow             Conj/Pois      ###.......   88%         6    N/A
 Chain Lightning          Conj/Air       ####......   100%        8    N/A
 Lehudib's Crystal Spear  Conj/Erth      ###.......   100%        8    N/A
 Fire Storm               Conj/Fire      ####......   100%        9    N/A
 Glaciate                 Conj/Ice       ###.......   100%        9    N/A
 Shatter                  Erth           ###.......   100%        9    N/A
 Tornado                  Air            ######....   100%        9    N/A
 Beastly Appendage        Tmut           Unusable     N/A         1    N/A
 Sublimation of Blood     Necr           Unusable     N/A         2    N/A
 Regeneration             Chrm/Necr      Unusable     N/A         3    N/A
 Spider Form              Tmut/Pois      Unusable     N/A         3    N/A
 Ice Form                 Ice/Tmut       Unusable     N/A         4    N/A
 Blade Hands              Tmut           Unusable     N/A         5    N/A
 Borgnjor's Revivificati  Necr           Unusable     N/A         8    N/A
 Death's Door             Chrm/Necr      Unusable     N/A         8    N/A
 Hydra Form               Tmut           Unusable     N/A         6    N/A
 Statue Form              Tmut/Erth      Unusable     N/A         6    N/A
 Dragon Form              Tmut           Unusable     N/A         7    N/A
 Necromutation            Tmut/Necr      Unusable     N/A         8    N/A

Dungeon Overview and Level Annotations

Branches:
Dungeon (15/15)            Temple (1/1) D:7            Lair (6/6) D:8
 Shoals (4/4) Lair:2        Snake (4/4) Lair:2        Slime (5/5) Lair:6
    Orc (2/2) D:9             Elf (3/3) Orc:2        Vaults (5/5) D:13
  Crypt (3/3) Vaults:2       Tomb (0/3) Crypt:3      Depths (5/5) D:15
    Zot (2/5) Depths:5     Bailey (visited)         Volcano (visited)
 WizLab (visited)         Gauntlet (visited)

Altars:
Ashenzari
Cheibriados
Dithmenos
Elyvilon
Fedhas
Gozag
Hepliaklqana
Kikubaaqudgha
Makhleb
Nemelex Xobeh
Okawaru
Qazlal
Ru
Sif Muna
Trog
Uskayaw
Vehumet
Wu Jian
Xom
Yredelemnul
Zin
The Shining One
Jiyva

Shops:
D:7 !   D:8 =[   D:12 (   D:13 *   D:14 :   Orc:1 ?   Orc:2 ?:(%*::%:   Elf:1 }
Elf:2 [   Shoals:1 [   Snake:2 =   Vaults:1 **=*[[   Vaults:5 [[(
Depths:1 =}=*   Depths:2 :   Depths:4 =   Depths:5 [:((

Portals:
Hell: Depths:1 Depths:2 Depths:3 Depths:4 Depths:5
Abyss: Depths:4 Depths:5
Pandemonium: Depths:3
Ziggurat: Depths:5

Annotations:
D:12 Hard fall to D:13.
Shoals:3 Watch out for Silver Javelins in
A:4
Snake:3 Vaults, Shoals, Intfocus
Slime:5 I really need that +Slay
Elf:2 5 runed translucent doors
Vaults:4 Vaults is busy
Vaults:5 Got clarity
Crypt:1 3 runed translucent doors, Xenat's ghost, veteran MiGl


Innate Abilities, Weirdness & Mutations

You do not eat or drink.
Your flesh is vulnerable to fire.
You are immune to poison.
Your flesh is cold resistant. (rC+)
You are immune to negative energy. (rN+++)
You are immune to unholy pain and torment.
You can survive without breathing.
You are strongly in touch with the powers of death.


Message History

Evoke which item? (* to show all) (? for menu, Esc to quit)
Aiming: Phantom Mirror
Press: ? - help, Dir - move target cursor, f - Killer Klown, p - black draconian
Aim: a Killer Klown, wielding a +8 club You reflect the Killer Klown with the mirror, and the mirror shatters!
The Killer Klown blinks!
Your Killer Klown closely misses the Killer Klown.
Your black draconian hits the Killer Klown from afar with a +2 vampiric halberd!
Your Killer Klown blinks!
Unknown command.
Unknown command.
You cannot cast spells when silenced!
Unknown command.
You cannot cast spells when silenced!
You slice the Killer Klown!! You freeze the Killer Klown.
The Killer Klown is moderately wounded.
You block the black draconian's attack.
The Killer Klown wrestles you with a +8 club!!
You die...
Your body crumbles into a pile of gold.

*,* *.##*,* *,* *..,,,*
***,****####d#**,##
####***********,,,,,,,,....###...
....,,,,,,,,,,,,,,,,,,,,.........
..#******#####*,,,,**####......#*
..# #...#****** #..$$...#***
..#*######...#########.##..#.....
..'......'..§§.p@dddd.$..........
..##*#####...#######.......#..⌠##
### #...# #.d........^.. #...#
*#.##.#.##.#... #...#
*..##.#.#*##.#. ######...###
#.###.#.§,,,,., #####..........#
#.#*#..,..,,,,* ...............#
#.#......,,...# ...............#
*#.....,..,,....


You could see a Killer Klown, a black draconian, a green draconian, a red
draconian and a friendly black draconian.

Vanquished Creatures
  the Royal Jelly (Slime:5)
  3 ancient liches
  An orb of fire (Zot:1)
  Mara (Depths:1)
  A juggernaut (Depths:5)
  A Killer Klown (Zot:2)
  Xtahua (Crypt:1)
  A caustic shrike (Depths:3)
  Nikola (Depths:3)
  7 golden dragons
  3 bone dragons
  An electric golem (Zot:1)
  Jorgrun (Orc:2)
  9 tentacled monstrosities
  Asterion (Depths:3)
  4 titans
  A quicksilver dragon (Zot:1)
  4 deep elf blademasters (Elf:3)
  5 liches
  29 acid blobs
  4 deep elf master archers (Elf:3)
  3 death cobs
  3 sphinxes
  9 ancient champions
  An Executioner (Abyss:2)
  Kirke (D:15)
  Polyphemus (Shoals:3)
  7 shadow dragons
  8 storm dragons
  16 nagarajas
  2 revenants
  10 fire giants
  9 azure jellies
  2 draconian monks (Zot:2)
  8 tengu reavers
  6 deep elf sorcerers
  3 draconian knights (Zot:1)
  3 iron dragons (Vaults:5)
  2 ghost moths
  9 frost giants
  2 draconian scorchers
  3 deep elf elementalists
  A ghoul (Crypt:2)
  37 very ugly things
  20 vault wardens
  A curse skull (Crypt:1)
  4 spriggan defenders
  4 draconian shifters
  4 draconian annihilators
  28 ironheart preservers
  24 stone giants
  4 draconian stormcallers (Depths:5)
  3 war gargoyles (Vaults:5)
  5 caustic shrike skeletons (Crypt:3)
  3 entropy weavers
  7 green draconians
  Nessos (D:14)
  8 black draconians
  6 deep elf demonologists
  5 vampire knights
  9 deep elf annihilators
  2 lorocyprocas (Depths:3)
  2 white draconians (Zot:1)
  2 yellow draconians
  A red draconian (Zot:1)
  4 purple draconians
  10 ettins
  A minotaur (Gauntlet)
  An orange crystal statue (WizLab)
  2 spark wasps (Depths:3)
  13 deep elf death magi
  5 eidola
  5 deep elf high priests
  10 jiangshi
  7 merfolk javelineers
  16 yaktaur captains
  8 fire dragons
  14 great orbs of eyes
  Erolcha (Orc:2)
  9 death oozes
  10 merfolk impalers
  14 ice dragons
  A great orb of eyes (shapeshifter) (Abyss:3)
  9 rakshasas
  39 naga warriors
  33 vault guards
  4 hydras
  A caustic shrike simulacrum (Depths:1)
  A spriggan air mage (Depths:2)
  4 merfolk avatars
  10 centaur warriors
  3 catoblepae
  8 anacondas
  An anaconda (shapeshifter) (D:15)
  4 death knights
  4 death yaks (Shoals:3)
  6 satyrs
  9 vampire magi
  38 two-headed ogres
  10 merfolk aquamancers
  6 deep troll earth magi
  12 deep troll shamans
  3 hell hogs (Abyss:1)
  16 ogre magi
  21 naga sharpshooters
  4 tengu warriors
  5 spriggan berserkers
  4 thrashing horrors (Abyss:3)
  Urug (D:11)
  5 shock serpents
  7 hell knights
  A soul eater (Crypt:1)
  A fire crab (Lair:6)
  23 deep elf knights
  2 shadow wraiths
  A sixfirhy (Zot:1)
  4 titan skeletons
  27 skeletal warriors
  10 unseen horrors
  5 iron trolls
  13 sea snakes
  2 salamander mystics
  6 naga ritualists
  An unseen horror (shapeshifter) (Vaults:4)
  7 glowing orange brains
  19 ironbrand convokers
  2 swamp dragons (shapeshifter)
  2 golden dragon skeletons (Crypt:3)
  7 flayed ghosts
  A wizard (Vaults:2)
  31 deep trolls
  2 anaconda skeletons
  7 mana vipers
  14 deep elf archers
  19 orc knights
  30 harpies
  16 phantasmal warriors
  A wolf spider zombie (Crypt:1)
  4 wolf spiders
  10 necromancers
  13 fauns
  An iron dragon zombie (Crypt:1)
  A stone giant zombie (Depths:2)
  69 ugly things
  4 shining eyes
  A mana viper (shapeshifter) (Depths:3)
  An oklob plant (Lair:3)
  3 orc sorcerers
  A faun (shapeshifter) (Depths:4)
  81 deep elf magi
  A shadow dragon skeleton (Crypt:3)
  2 worldbinders
  A frost giant zombie (Depths:1)
  A dire elephant zombie (Crypt:1)
  9 salamanders
  15 manticores
  4 elephants (Lair:6)
  15 cyclopes
  An iron dragon skeleton (Crypt:3)
  2 stone giant skeletons
  2 centaur zombies
  12 merfolk sirens
  2 guardian serpents (shapeshifter)
  2 frost giant skeletons (Crypt:3)
  10 moths of wrath
  A rust devil (Abyss:1)
  12 vault sentinels
  41 black mambas
  A fire giant skeleton (Crypt:1)
  3 smoke demons
  2 molten gargoyles (Volcano)
  An orange demon (Abyss:2)
  4 torpor snails (Depths:4)
  6 water nymphs
  6 guardian serpents
  3 gargoyles
  2 eyes of devastation
  2 hellions (Abyss:2)
  A shock serpent skeleton (Crypt:3)
  A spiny frog (shapeshifter) (Vaults:5)
  10 spiny frogs
  26 naga magi
  A kobold demonologist (Depths:3)
  An elf skeleton (Depths:2)
  2 dire elephant skeletons (Crypt:3)
  3 rime drakes
  3 freezing wraiths
  4 guardian mummies (Crypt:3)
  A rime drake (shapeshifter) (Vaults:2)
  2 komodo dragons (shapeshifter)
  41 yaktaurs
  3 hellwings
  2 ancient zymes (Abyss:2)
  10 komodo dragons
  An iron troll skeleton (Crypt:3)
  36 merfolk
  3 meliai (Gauntlet)
  3 tengu conjurers
  A black draconian skeleton (Crypt:3)
  A queen bee (shapeshifter) (Depths:2)
  A troll (shapeshifter) (Vaults:5)
  13 trolls
  A meliai (shapeshifter) (Depths:4)
  8 hornets
  A jumping spider (Vaults:4)
  8 wind drakes
  2 polar bears (Lair:2)
  77 slime creatures
  A slime creature (shapeshifter) (Depths:1)
  A moth of wrath zombie (Crypt:1)
  2 meliai zombies
  10 snapping turtles
  2 blink frogs (shapeshifter) (Vaults:1)
  14 blink frogs
  A death drake skeleton (Crypt:2)
  An ice dragon zombie (Depths:1)
  A snapping turtle (shapeshifter) (Depths:4)
  A raiju (Abyss:3)
  9 dream sheep
  2 bog bodies (Crypt:2)
  A deep troll zombie (Depths:1)
  9 hippogriffs
  A redback (Vaults:4)
  An ettin zombie (Crypt:1)
  7 large abominations (Abyss:2)
  A fire dragon skeleton (Crypt:3)
  3 ice dragon skeletons
  4 air elementals
  4 flying skulls (Crypt:1)
  4 starcursed masses (Abyss:2)
  7 spriggans
  A spriggan (shapeshifter) (Vaults:3)
  A shadow (D:12)
  A small abomination (Gauntlet)
  A centaur simulacrum (D:15)
  36 water elementals
  A hog (shapeshifter) (Vaults:4)
  3 wraiths
  An alligator skeleton (Crypt:2)
  2 vampires
  A black mamba skeleton (Crypt:2)
  2 ettin skeletons
  2 fire elementals (Elf:1)
  48 yaks
  3 basilisks
  8 fire bats (Volcano)
  2 golden eyes (shapeshifter)
  4 wyverns
  A yak (shapeshifter) (D:15)
  A dire elephant simulacrum (Crypt:2)
  17 golden eyes
  6 hungry ghosts
  A human (shapeshifter) (D:15)
  2 vampire mosquitoes (D:15)
  A steam dragon (D:4)
  6 hogs (D:15)
  2 chaos spawn
  A neqoxec (Abyss:2)
  A gelid demonspawn zombie (Crypt:3)
  3 acid dragons
  A soldier ant (D:11)
  2 swamp worms (shapeshifter)
  A torturous demonspawn zombie (Crypt:1)
  2 wargs
  75 nagas
  A spiny frog zombie (Crypt:2)
  12 water moccasins
  2 floating eyes
  7 porcupines
  3 sky beasts
  2 human skeletons
  8 ice beasts
  40 orc warriors
  An ice beast (shapeshifter) (Vaults:1)
  7 eyes of draining
  A black bear (D:8)
  2 phantoms
  3 necrophages
  5 wolves
  40 ogres
  19 centaurs
  A snapping turtle skeleton (Crypt:3)
  15 boggarts
  A swamp dragon skeleton (Crypt:3)
  10 crocodiles
  2 big kobolds
  A bullfrog (shapeshifter) (D:13)
  22 bullfrogs
  A gnoll sergeant (D:13)
  3 earth elementals
  A draconian skeleton (Crypt:1)
  A water moccasin zombie (D:12)
  2 scorpions (D:11)
  A human simulacrum (Vaults:2)
  8 killer bees
  A polar bear zombie (Crypt:1)
  A spriggan skeleton (Crypt:2)
  29 wights
  2 howler monkeys (D:4)
  11 crimson imps
  5 lava snakes (Volcano)
  A quasit (D:7)
  13 orc priests
  9 hounds
  4 jellies
  An iron imp (Abyss:2)
  21 orc wizards
  2 bullfrog skeletons
  3 centaur skeletons
  A gnoll shaman (D:8)
  3 iguanas
  13 worker ants
  A dwarf zombie (Crypt:3)
  An ogre zombie (Crypt:1)
  A crocodile zombie (Crypt:1)
  2 ogre skeletons
  2 hound zombies
  A howler monkey zombie (D:11)
  A worker ant zombie (D:10)
  17 gnolls
  16 adders
  2 shadow imps
  A white imp (Abyss:2)
  An ufetubus (Abyss:2)
  4 oozes (Lair:6)
  2 adder zombies
  An adder skeleton (D:7)
  2 worms
  3 dart slugs
  4 leopard geckos
  96 orcs
  5 bats
  A giant cockroach (shapeshifter) (Vaults:5)
  5 giant cockroaches
  14 goblins
  9 hobgoblins
  13 jackals
  25 kobolds
  5 quokkas
  A river rat zombie (Crypt:1)
  2 ball pythons
  7 frilled lizards
  A hobgoblin zombie (Crypt:1)
  A leopard gecko skeleton (D:6)
  2 quokka skeletons
  12 rats
  A rat (shapeshifter) (Depths:4)
  5 plants
2577 creatures vanquished.

Vanquished Creatures (collateral kills)
  the Enchantress (Depths:3)
  A tengu reaver (Vaults:5)
  An iron dragon (Vaults:5)
  Louise (D:14)
  A spriggan defender (Depths:3)
  A spark wasp (Depths:3)
  A spriggan air mage (Depths:3)
  2 naga sharpshooters (Snake:2)
  3 harpies (Shoals:4)
  An ugly thing (D:11)
  A manticore (Shoals:4)
  A cyclops (Shoals:4)
  A black mamba (Snake:3)
  2 merfolk (Shoals:4)
  A snapping turtle (Shoals:4)
  3 dream sheep (Shoals:4)
  A spriggan (Depths:3)
  An orc warrior (Vaults:2)
24 creatures vanquished.

Vanquished Creatures (others)
  3 storm dragons (Zot:1)
  A draconian shifter (Zot:1)
  2 black draconians (Zot:1)
  A deep troll shaman (Depths:3)
  A deep troll earth mage (Depths:3)
  18 dancing weapons
  2 shock serpents (Zot:1)
  A deep elf mage (Elf:1)
  A black mamba (Snake:4)
  A hornet (Vaults:5)
  A blink frog (Lair:6)
  A basilisk (shapeshifter) (Vaults:5)
  An orc priest (Vaults:2)
  A white imp (Abyss:2)
  A fungus (Lair:6)
  4 lurking horrors
  31 plants
  85 spectral weapons
156 creatures vanquished.

Grand Total: 2757 creatures vanquished

Notes
Turn   | Place    | Note
-------+----------+-------------------------------------------
     0 | D:1      | Amplified the Mummy Gladiator began the quest for the Orb.
     0 | D:1      | Reached XP level 1. HP: 16/16 MP: 1/1
   187 | D:1      | Reached XP level 2. HP: 21/22 MP: 2/2
   503 | D:1      | You fall into a shaft and drop 1 floor!
   534 | D:1      | Reached XP level 3. HP: 22/28 MP: 3/3
   843 | D:2      | Reached skill level 1 in Shields
   956 | D:2      | Reached XP level 4. HP: 34/34 MP: 4/4
  1337 | D:2      | Reached XP level 5. HP: 24/41 MP: 5/5
  1867 | D:3      | Learned a level 3 spell: Vampiric Draining
  2583 | D:4      | Noticed a steam dragon
  2583 | D:4      | an orc wizard changed into a steam dragon
  2889 | D:4      | Reached XP level 6. HP: 48/48 MP: 6/6
  2898 | D:5      | Entered Level 5 of the Dungeon
  3399 | D:5      | Reached XP level 7. HP: 51/55 MP: 7/7
  3506 | D:5      | Found a hazy altar of Hepliaklqana.
  3645 | D:5      | Reached skill level 1 in Spellcasting
  3762 | D:5      | Learned a level 4 spell: Animate Dead
  3887 | D:6      | Reached skill level 5 in Fighting
  3990 | D:6      | Reached skill level 1 in Necromancy
  4324 | D:6      | Learned a level 3 spell: Portal Projectile
  4337 | D:6      | Reached XP level 8. HP: 48/63 MP: 10/10
  4348 | D:6      | Reached skill level 5 in Polearms
  4973 | D:7      | Reached skill level 1 in Axes
  5117 | D:7      | Found Coekae's Distillery.
  5172 | D:7      | Noticed a wind drake
  5172 | D:7      | a black bear changed into a wind drake
  5183 | D:7      | Killed a wind drake
  5445 | D:7      | Reached XP level 9. HP: 70/71 MP: 11/11
  5580 | D:7      | Found a staircase to the Ecumenical Temple.
  5655 | D:7      | Reached skill level 5 in Shields
  5704 | Temple   | Entered the Ecumenical Temple
  6019 | Temple   | Became a worshipper of Gozag Ym Sagoz the Greedy
  6961 | D:8      | Reached skill level 5 in Axes
  6961 | D:8      | Reached skill level 5 in Necromancy
  7203 | D:8      | You fall into a shaft and drop 2 floors!
  7203 | D:10     | Entered Level 10 of the Dungeon
  7315 | D:10     | Reached XP level 10. HP: 75/80 MP: 12/12
  7408 | D:10     | Got a coiled steel amulet
  7448 | D:10     | Identified the amulet of the Rabble {Gourm rElec rC- Str+2
                  | Int+3} (You found it on level 10 of the Dungeon)
  7764 | D:10     | Noticed a gargoyle
  7800 | D:10     | Killed a gargoyle
  8013 | D:11     | Noticed Urug
  8055 | D:11     | Killed Urug
  8240 | D:11     | Noticed an eight-headed hydra
  8343 | D:9      | Found a flagged portal.
  8394 | Bailey   | Entered a bailey
  8438 | Bailey   | Noticed an orc knight
  8462 | Bailey   | Killed an orc knight
  8462 | Bailey   | Reached XP level 11. HP: 88/89 MP: 13/13
  8483 | Bailey   | Noticed an orc knight
  8512 | Bailey   | Killed an orc knight
  8570 | Bailey   | Got an ivory broad axe
  8610 | Bailey   | Identified the +4 broad axe of the Real Monster {venom,
                  | *Slow rPois rF+++ Dex+3} (You found it in a bailey)
  8650 | D:9      | Found a radiant altar of Vehumet.
  8716 | D:9      | Found a staircase to the Orcish Mines.
  9257 | D:11     | Noticed a green ugly thing
  9264 | D:11     | Killed a green ugly thing
  9436 | D:11     | Killed an eight-headed hydra
  9634 | D:12     | Found a gate leading to a gauntlet.
  9639 | Gauntlet | Entered a Gauntlet
  9639 | Gauntlet | Found a transporter.
  9639 | Gauntlet | Found a transporter.
  9647 | Gauntlet | Found a transporter.
  9651 | Gauntlet | Found a transporter.
  9659 | Gauntlet | Found a transporter.
  9663 | Gauntlet | Found a transporter.
  9669 | Gauntlet | Found a runed translucent gate.
  9671 | Gauntlet | Found a transporter.
  9672 | Gauntlet | Found a runed translucent gate.
  9673 | Gauntlet | Found a runed translucent gate.
  9687 | Gauntlet | Found a transporter.
  9702 | Gauntlet | Found a transporter.
  9705 | Gauntlet | Found a transporter.
  9716 | Gauntlet | Found a transporter.
  9717 | Gauntlet | Found a transporter.
  9717 | Gauntlet | Noticed a shining eye
  9769 | Gauntlet | Got a smoking jade ring
  9803 | Gauntlet | Identified the ring of Egomania {rElec rC- Str+5 Dex-3
                  | SInv} (You found it in a Gauntlet)
  9848 | Gauntlet | Reached skill level 10 in Fighting
  9868 | Gauntlet | Got a translucent cloak
  9883 | Gauntlet | Identified the cursed +0 cloak of Circular Logic {rF+
                  | rCorr} (You found it in a Gauntlet)
  9930 | Gauntlet | Noticed a minotaur
  9943 | Gauntlet | Killed a minotaur
  9961 | Gauntlet | Identified Bohysy's Handbook of Bewitchment and Summoning
  9961 | Gauntlet | Identified Laaxiad's Disquisition on Assistive Feathers
 10010 | D:12     | Reached skill level 10 in Axes
 10274 | D:12     | Reached XP level 12. HP: 72/98 MP: 14/14
 11041 | Orc:1    | Entered Level 1 of the Orcish Mines
 11277 | D:8      | Found a staircase to the Lair.
 11453 | D:8      | Bought a pair of bloodstained gloves for 323 gold pieces
 11458 | D:8      | Identified the +1 pair of gloves "Siodec" {Dex+7} (You
                  | bought it in a shop on level 8 of the Dungeon)
 11458 | D:8      | Bought an ichor-stained scale mail for 306 gold pieces
 11469 | D:8      | Identified the +1 scale mail of Pusiwir {rF- Str+5 Dex+3}
                  | (You bought it in a shop on level 8 of the Dungeon)
 11478 | D:8      | Bought the ring "Rahor" {MR+ Str+4} for 594 gold pieces
 11493 | Lair:1   | Entered Level 1 of the Lair of Beasts
 11754 | Lair:1   | Reached skill level 1 in Translocations
 12444 | Lair:2   | Found a staircase to the Snake Pit.
 12863 | Lair:2   | Found a staircase to the Shoals.
 12878 | Lair:2   | Reached skill level 10 in Necromancy
 13648 | Lair:3   | Gained mutation: You are in touch with the powers of death.
                  | [Mummy growth]
 13648 | Lair:3   | Reached XP level 13. HP: 106/106 MP: 15/15
 14187 | D:8      | Bought a steaming plate armour for 952 gold pieces
 14197 | D:8      | Identified the +1 plate armour "Mown" {rCorr Str+4} (You
                  | bought it in a shop on level 8 of the Dungeon)
 15656 | Lair:6   | Entered Level 6 of the Lair of Beasts
 15728 | Lair:6   | Found a dark tunnel.
 15741 | Lair:6   | Found a staircase to the Slime Pits.
 15869 | Volcano  | Entered a volcano
 16036 | Volcano  | Reached skill level 10 in Shields
 16047 | Volcano  | Found a radiant altar of Vehumet.
 16052 | Volcano  | Reached skill level 1 in Staves
 16060 | Volcano  | Reached skill level 2 in Spellcasting
 16254 | Lair:6   | Reached skill level 3 in Spellcasting
 16882 | Lair:6   | Reached XP level 14. HP: 68/115 MP: 19/19
 16953 | Lair:6   | Got a scorched golden ring
 16957 | Lair:6   | Identified the ring "Woeka" {Str+4 Dex+4} (You found it on
                  | level 6 of the Lair of Beasts)
 17295 | Orc:1    | Found Jyqoib's Magic Scroll Emporium.
 17301 | Orc:1    | Bought a scroll of teleportation for 45 gold pieces
 17301 | Orc:1    | Bought a scroll of blinking for 112 gold pieces
 17413 | Orc:2    | Entered Level 2 of the Orcish Mines
 17424 | Orc:2    | Reached skill level 4 in Spellcasting
 17444 | Orc:2    | Found Ciniwnuo's Food Shoppe.
 17452 | Orc:2    | Found a staircase to the Elven Halls.
 17457 | Orc:2    | Found Myxe Juwk's Book Emporium.
 17466 | Orc:2    | Found Sivese's Food Shop.
 17466 | Orc:2    | Noticed Jorgrun
 17467 | Orc:2    | Found Qagrowas's Book Emporium.
 17467 | Orc:2    | Found Cekh's Antique Weapon Boutique.
 17527 | Orc:2    | Noticed Erolcha
 17533 | Orc:2    | Killed Erolcha
 17542 | Orc:2    | Killed Jorgrun
 17635 | Orc:2    | Reached skill level 5 in Spellcasting
 17665 | Orc:2    | Reached skill level 5 in Staves
 17930 | Orc:2    | Found Son Inyq's Book Shop.
 17989 | Orc:2    | Learned a level 3 spell: Spectral Weapon
 18109 | Orc:2    | Found Vuzayd's General Store.
 18126 | Orc:2    | Bought a wand of acid (12) for 352 gold pieces
 18207 | Orc:2    | Found Sarita's Book Emporium.
 18216 | Orc:2    | Found Syuh's Magic Scroll Shop.
 18225 | Orc:2    | Bought a scroll of blinking for 97 gold pieces
 18225 | Orc:2    | Bought a scroll of blinking for 97 gold pieces
 18225 | Orc:2    | Bought a scroll of blinking for 97 gold pieces
 18225 | Orc:2    | Bought 3 scrolls of enchant armour for 292 gold pieces
 18225 | Orc:2    | Bought a scroll of magic mapping for 45 gold pieces
 18380 | D:13     | Reached skill level 6 in Spellcasting
 18788 | D:13     | Found Ruddoson's General Store.
 18939 | D:13     | You fall into a shaft and drop 2 floors!
 18939 | D:15     | Entered Level 15 of the Dungeon
 19380 | D:15     | Noticed Kirke
 19399 | D:15     | Killed Kirke
 19399 | D:15     | Reached skill level 7 in Spellcasting
 19399 | D:15     | Reached XP level 15. HP: 96/123 MP: 25/25
 19794 | D:14     | Noticed Nessos
 19813 | D:14     | Killed Nessos
 19879 | D:14     | Reached skill level 5 in Translocations
 20229 | D:14     | Found Gikenin's Book Emporium.
 20247 | D:14     | Found a shattered altar of Ashenzari.
 20247 | D:14     | Noticed Louise
 20259 | D:14     | Killed Louise
 20754 | D:13     | Reached skill level 8 in Spellcasting
 20847 | D:13     | Got a transparent glass ring
 20848 | D:13     | Identified the ring of Efekhluyt {+Inv rElec rN+ Int-5
                  | Dex+8} (You found it on level 13 of the Dungeon)
 21074 | D:13     | Found a gate to the Vaults.
 21419 | Snake:1  | Entered Level 1 of the Snake Pit
 22711 | Snake:2  | Noticed a nagaraja
 22918 | Snake:2  | Killed a nagaraja
 22994 | Snake:2  | Learned a level 1 spell: Confusing Touch
 23204 | Snake:2  | Found Ruix's Jewellery Emporium.
 23209 | Snake:2  | You fall into a shaft and drop 1 floor!
 23421 | Snake:3  | Reached XP level 16. HP: 55/132 MP: 28/28
 24002 | Snake:3  | Reached skill level 10 in Staves
 24325 | Snake:2  | Bought the ring "Zymonivu" {Wiz rElec MR+ Str+2} for 860
                  | gold pieces
 25383 | Snake:4  | Entered Level 4 of the Snake Pit
 26007 | Elf:1    | Entered Level 1 of the Elven Halls
 26523 | Elf:1    | Found Coigercho's Gadget Shoppe.
 26527 | Elf:1    | Bought a wand of digging (5) for 342 gold pieces
 26931 | Elf:2    | Reached skill level 5 in Dodging
 27075 | Elf:2    | Found a magical portal.
 27212 | WizLab   | Found the +9 staff of Wucad Mu {channel}
 27440 | Elf:2    | Reached skill level 9 in Spellcasting
 27455 | Elf:2    | Reached XP level 17. HP: 131/140 MP: 30/30
 27783 | Elf:2    | Found Gyagustu's Antique Armour Emporium.
 27993 | Elf:2    | Found a huge runed translucent gate.
 27993 | Elf:2    | Found a huge runed translucent gate.
 27993 | Elf:2    | Found a huge runed translucent gate.
 27993 | Elf:2    | Found a huge runed translucent gate.
 27995 | Elf:2    | Found a huge runed translucent gate.
 28029 | Elf:2    | Bought a runed helmet for 210 gold pieces
 28029 | Elf:2    | Bought a transparent plate armour for 784 gold pieces
 28052 | Elf:2    | Identified the cursed +1 plate armour of the Hills {-Tele
                  | +Inv MR- rCorr} (You bought it in a shop on level 2 of the
                  | Elven Halls)
 28112 | Elf:3    | Entered Level 3 of the Elven Halls
 28197 | Elf:3    | Reached skill level 10 in Spellcasting
 29265 | Shoals:1 | Entered Level 1 of the Shoals
 29295 | Shoals:1 | Reached skill level 11 in Spellcasting
 29899 | Snake:4  | Reached skill level 12 in Spellcasting
 30626 | Snake:4  | Reached skill level 13 in Spellcasting
 31113 | Snake:4  | Reached XP level 18. HP: 87/148 MP: 31/35
 31346 | Snake:4  | Reached skill level 15 in Axes
 31359 | Snake:4  | Reached skill level 14 in Spellcasting
 31462 | Snake:4  | Reached skill level 15 in Fighting
 32049 | Snake:4  | Learned a level 3 spell: Mephitic Cloud
 32334 | Snake:4  | Reached skill level 15 in Spellcasting
 32768 | Snake:4  | Got a serpentine rune of Zot
 33402 | Shoals:1 | Reached skill level 16 in Spellcasting
 33505 | Shoals:1 | Identified the +2 leather armour of Vitt {+Fly Str+7} (You
                  | found it on level 1 of the Shoals)
 33660 | Shoals:1 | Bought a faintly glowing cloak for 342 gold pieces
 33660 | Shoals:1 | Identified the +1 cloak "Jaar" {rPois MR+ Int+5} (You
                  | bought it in a shop on level 1 of the Shoals)
 34844 | Shoals:2 | Reached skill level 17 in Spellcasting
 35434 | Shoals:3 | Noticed Polyphemus
 35446 | Shoals:3 | Reached XP level 19. HP: 143/155 MP: 40/40
 35459 | Shoals:3 | Killed Polyphemus
 35616 | Shoals:1 | Bought a jewelled scale mail for 324 gold pieces
 35616 | Shoals:1 | Bought a brightly glowing chain mail for 342 gold pieces
 35616 | Shoals:1 | Identified the +3 scale mail of Polish {Str+4 Stlth+} (You
                  | bought it in a shop on level 1 of the Shoals)
 35617 | Shoals:1 | Identified the +1 chain mail "Laphusil" {rC++ Int-2 Dex+6}
                  | (You bought it in a shop on level 1 of the Shoals)
 36471 | Shoals:3 | Reached skill level 18 in Spellcasting
 36906 | Shoals:1 | Bought a diamond-encrusted chain mail for 342 gold pieces
 36906 | Shoals:1 | Identified the +4 chain mail of the Lute {*Slow MP+9 Int+5
                  | Stlth+} (You bought it in a shop on level 1 of the Shoals)
 36944 | Shoals:4 | Entered Level 4 of the Shoals
 37218 | Shoals:4 | Identified a scroll of acquirement
 37493 | Shoals:4 | Found a basalt altar of Yredelemnul.
 38236 | Vaults:1 | Entered Level 1 of the Vaults
 38295 | Vaults:1 | Found Cisteep's Jewellery Shop.
 38655 | Vaults:1 | Found Gozag's Antique Armour Shop.
 38657 | Vaults:1 | Found an opulent altar of Gozag.
 38657 | Vaults:1 | Found Gozag's Antique Armour Shop.
 38678 | Vaults:1 | Found Gozag's Assorted Antiques.
 39123 | Vaults:1 | Bought a scroll of teleportation for 117 gold pieces
 39125 | Vaults:1 | Bought a faintly glowing scale mail for 252 gold pieces
 39135 | Vaults:1 | Identified the cursed +1 scale mail of Totovell {Str+4}
                  | (You bought it in a shop on level 1 of the Vaults)
 39808 | Vaults:1 | Reached XP level 20. HP: 146/165 MP: 37/42
 40057 | Vaults:1 | Got a jewelled leather armour
 40092 | Vaults:1 | Identified the +1 leather armour "Duzois" {Regen+ rCorr
                  | Str-2} (You found it on level 1 of the Vaults)
 41572 | Vaults:2 | Reached skill level 15 in Shields
 41888 | Vaults:2 | Found a staircase to the Crypt.
 43085 | Vaults:4 | Reached XP level 21. HP: 153/174 MP: 43/43
 43113 | Vaults:4 | Reached skill level 1 in Armour
 44264 | Vaults:4 | Got a glittering tin ring
 44322 | Vaults:4 | Identified the ring of Dadok {Ice MR+ Int+7 Dex-4} (You
                  | found it on level 4 of the Vaults)
 44331 | Vaults:4 | Reached skill level 5 in Armour
 45954 | Vaults:1 | Bought a twisted scale mail for 900 gold pieces
 45954 | Vaults:1 | Identified the +1 scale mail "Qaihys" {Dex+7} (You bought
                  | it in a shop on level 1 of the Vaults)
 46278 | Snake:2  | Identified the +4 scale mail of Time Monsters {Regen+} (You
                  | found it on level 2 of the Snake Pit)
 46407 | Shoals:3 | Learned a level 6 spell: Deflect Missiles
 46413 | Shoals:3 | Learned a level 5 spell: Aura of Abjuration
 46435 | Shoals:4 | Got a bound glass ring
 46436 | Shoals:4 | Identified the ring of Vuynout {rC+ Stlth+} (You found it
                  | on level 4 of the Shoals)
 46495 | Shoals:4 | Identified the +3 scale mail "Uzxiz" {+Fly Str-2 Dex+9}
 46644 | Shoals:4 | Reached XP level 22. HP: 143/182 MP: 5/44
 46779 | Shoals:4 | Got a barnacled rune of Zot
 46894 | Shoals:4 | Found a radiant altar of Vehumet.
 47531 | Shoals:1 | Bought an ichor-stained plate armour for 1008 gold pieces
 47542 | Shoals:1 | Identified the cursed +1 plate armour of the Swamp {+Inv
                  | rF+ Dex+2} (You bought it in a shop on level 1 of the
                  | Shoals)
 47794 | Elf:3    | Learned a level 5 spell: Silence
 48060 | Elf:3    | Reached skill level 10 in Dodging
 48061 | Elf:3    | Reached skill level 1 in Hexes
 48088 | Elf:3    | Reached skill level 1 in Air Magic
 48128 | Elf:3    | Reached skill level 19 in Spellcasting
 48591 | Elf:3    | Found the +7 mace of Variability {chain chaos}
 48623 | Elf:3    | Got an ancient ring mail
 48627 | Elf:3    | Got a pair of faintly glowing gloves
 48684 | Elf:3    | Identified the +3 ring mail of Dawn {rF++ MR+ Str+4} (You
                  | found it on level 3 of the Elven Halls)
 48685 | Elf:3    | Got a smoking scale mail
 48696 | Elf:3    | Identified the +2 scale mail "Nuproupn" {rN++ MP-9} (You
                  | found it on level 3 of the Elven Halls)
 48717 | Elf:3    | Identified the +2 pair of gloves of Tonwu {MR+ Dex-2 SInv}
                  | (You found it on level 3 of the Elven Halls)
 48823 | Elf:3    | Identified the Compendium of Destructive Dark Rites
 49421 | D:15     | Found a staircase to the Depths.
 49461 | Depths:1 | Entered Level 1 of the Depths
 49489 | Depths:1 | Found Wofas's Whimsical Warehouse.
 49939 | Depths:1 | Found a gateway to Hell.
 50058 | Depths:1 | Learned a level 1 spell: Apportation
 50200 | Depths:1 | Found Cuyps's Jewellery Emporium.
 50200 | Depths:1 | Found Gafua's Gadget Shop.
 50201 | Depths:1 | Found Loyhupn's Jewellery Emporium.
 50201 | Depths:1 | Noticed Mara
 50227 | Depths:1 | Killed Mara
 50239 | Depths:1 | Bought a wand of acid (13) for 442 gold pieces
 50922 | Depths:2 | Reached skill level 5 in Hexes
 51126 | Depths:2 | Noticed a golden dragon
 51141 | Depths:2 | Killed a golden dragon
 51223 | Depths:2 | Reached skill level 5 in Air Magic
 51224 | Depths:2 | Reached XP level 23. HP: 175/190 MP: 43/46
 51305 | Depths:2 | Found Veus's Book Shop.
 51820 | Depths:2 | Paralysed by a floating eye for 4 turns
 51977 | Depths:2 | Found a portal to a secret trove of treasure.
 52172 | Depths:2 | Reached skill level 1 in Charms
 52597 | D:8      | Bought the ring of Robustness {AC+8} for 1920 gold pieces
 52597 | D:8      | Found the ring of Robustness {AC+8}
 52872 | Depths:2 | You paid a toll of the ring of Robustness to enter a
                  | treasure trove
 52873 | Trove    | Entered a treasure trove
 52978 | Depths:3 | Noticed Nikola
 52998 | Depths:3 | Reached skill level 1 in Evocations
 53006 | Depths:3 | Killed Nikola
 53103 | Depths:3 | Identified the cursed +0 leather armour of Life {+Fly
                  | Regen+} (You found it on level 3 of the Depths)
 53143 | Depths:3 | Noticed Asterion
 53164 | Depths:3 | Killed Asterion
 53266 | Depths:3 | You are sucked into a shaft and drop 2 floors!
 53266 | Depths:5 | Entered Level 5 of the Depths
 53312 | Depths:5 | Identified the +5 demon whip of Distor {venom, rElec
                  | Stlth+} (You found it on level 5 of the Depths)
 53432 | Depths:5 | Learned a level 2 spell: Passwall
 53434 | Depths:5 | Found Xibirphe's Book Shop.
 53435 | Depths:5 | Found Lyfuny's Weapon Boutique.
 53435 | Depths:5 | Found Ivuarer's Armour Shop.
 53439 | Depths:5 | Found Ixaem's Antique Weapon Boutique.
 53439 | Depths:5 | Noticed a juggernaut
 53454 | Depths:5 | Killed a juggernaut
 53797 | Depths:5 | Found a gate to the Realm of Zot.
 54123 | Depths:5 | Reached skill level 5 in Evocations
 54650 | Depths:5 | Found a gateway to a ziggurat.
 54686 | Depths:5 | Found a one-way gate to the infinite horrors of the Abyss.
 54982 | Depths:4 | Reached skill level 5 in Charms
 55164 | Depths:4 | Reached XP level 24. HP: 193/199 MP: 44/46
 55488 | Depths:4 | Reached skill level 20 in Spellcasting
 55980 | Depths:3 | Found a one-way gate leading to the halls of Pandemonium.
 56340 | Depths:3 | Noticed the Enchantress
 56451 | Depths:3 | Killed the Enchantress
 57019 | Depths:4 | Reached skill level 10 in Evocations
 57064 | Depths:4 | Found a snail-covered altar of Cheibriados.
 57114 | Depths:4 | Identified the cursed +0 scale mail of the Marlin {Regen+}
                  | (You found it on level 4 of the Depths)
 57116 | Depths:4 | Identified the +2 cloak "Kegeo" {Int+5} (You found it on
                  | level 4 of the Depths)
 57644 | Crypt:1  | Entered Level 1 of the Crypt
 57746 | Crypt:1  | Learned a level 5 spell: Borgnjor's Vile Clutch
 57855 | Crypt:1  | Noticed Xtahua
 57877 | Crypt:1  | Killed Xtahua
 58135 | Crypt:1  | Found a runed translucent gate.
 58135 | Crypt:1  | Found a runed translucent gate.
 58135 | Crypt:1  | Found a runed translucent gate.
 58135 | Crypt:1  | Noticed Xenat's ghost (veteran MiGl)
 58138 | Crypt:1  | Found an iron altar of Okawaru.
 58735 | Crypt:1  | Identified the +1 leather armour "Wuyr" {rF+} (You found it
                  | on level 1 of the Crypt)
 59381 | Crypt:2  | Found a basalt altar of Yredelemnul.
 59693 | Crypt:3  | Entered Level 3 of the Crypt
 59712 | Crypt:3  | Reached skill level 10 in Air Magic
 59712 | Crypt:3  | Reached XP level 25. HP: 207/207 MP: 38/47
 59806 | Crypt:3  | Found a staircase to the Tomb.
 60437 | Crypt:3  | Noticed an ancient lich
 60470 | Crypt:3  | Killed an ancient lich
 60514 | Crypt:3  | Identified the Volume of Dark Malediction (You acquired it
                  | on level 3 of the Crypt)
 60530 | Crypt:3  | Learned a level 5 spell: Dispel Undead
 61248 | Crypt:3  | Identified the Catalogue of Black Arts
 61656 | Vaults:5 | Entered Level 5 of the Vaults
 61696 | Vaults:5 | Reached skill level 1 in Summonings
 61870 | Vaults:5 | Reached skill level 21 in Spellcasting
 62007 | Vaults:5 | Identified the +1 battleaxe of the Pillar {chop, Str+6}
 62093 | Vaults:5 | Identified the +7 battleaxe "Quarphos" {flame, rElec MP-9
                  | Str+4 Stlth+} (You found it on level 5 of the Vaults)
 62208 | Vaults:5 | Reached skill level 5 in Summonings
 62350 | Vaults:5 | Identified the ring "Memovoyl" {Wiz *Drain rPois SInv}
 62404 | Vaults:5 | Identified the cursed +0 falchion of Ozxa {holy, Dex+7}
 62596 | Vaults:5 | Gained mutation: You are strongly in touch with the powers
                  | of death. [Mummy growth]
 62596 | Vaults:5 | Reached XP level 26. HP: 177/217 MP: 48/48
 63298 | Vaults:5 | Noticed an ancient lich
 63329 | Vaults:5 | Killed an ancient lich
 63412 | Vaults:5 | Reached skill level 22 in Spellcasting
 63423 | Vaults:5 | Identified the cursed +0 ring mail of the Kangaroo {rN+
                  | Str+4} (You found it on level 5 of the Vaults)
 63564 | Vaults:5 | Got a silver rune of Zot
 64129 | Vaults:5 | Learned a level 8 spell: Ignition
 64150 | Vaults:5 | Bought a bloodstained scale mail for 333 gold pieces
 64150 | Vaults:5 | Bought a pitted leather armour for 259 gold pieces
 64150 | Vaults:5 | Identified the +3 scale mail "Uczurearph" {Str+2 Int+4}
                  | (You bought it in a shop on level 5 of the Vaults)
 64151 | Vaults:5 | Identified the +3 leather armour "Usout" {rN++ Str-2 Dex+4}
                  | (You bought it in a shop on level 5 of the Vaults)
 64521 | Slime:1  | Entered Level 1 of the Pits of Slime
 64553 | Slime:1  | Reached skill level 1 in Fire Magic
 64908 | Lair:6   | Learned a level 4 spell: Force Lance
 66690 | Slime:5  | Entered Level 5 of the Pits of Slime
 67616 | Slime:5  | Reached skill level 5 in Fire Magic
 67616 | Slime:5  | Reached XP level 27. HP: 226/227 MP: 23/49
 67662 | Slime:5  | Found a viscous altar of Jiyva.
 67718 | Slime:5  | Noticed the Royal Jelly
 67730 | Slime:5  | Found the +3 robe of Clouds {+Thunder rCloud rElec}
 67767 | Slime:5  | Killed the Royal Jelly
 67767 | Slime:5  | Reached skill level 23 in Spellcasting
 67823 | Slime:5  | Got a translucent ivory ring
 67824 | Slime:5  | Identified the ring "Inocoa" {rPois rF+ Int-5 Slay+3
                  | Stlth+} (You found it on level 5 of the Pits of Slime)
 67834 | Slime:5  | Got an ancient granite ring
 67835 | Slime:5  | Identified the ring of Fun {+Inv rF+ SInv Stlth+} (You
                  | found it on level 5 of the Pits of Slime)
 67866 | Slime:5  | Identified the Collected Works on Assistive Envenoming
 67869 | Slime:5  | Got a slimy rune of Zot
 67905 | Slime:5  | Identified the +8 plate armour "Soakur Sei" {Int-2 Dex+5}
                  | (You found it on level 5 of the Pits of Slime)
 67917 | Slime:5  | Identified the +3 scale mail of Qydu Cup {rN+ Dex+3} (You
                  | found it on level 5 of the Pits of Slime)
 68590 | Depths:4 | Voluntarily entered the Abyss.
 68718 | Abyss:2  | Found a corrupted altar of Lugonu.
 69135 | Abyss:3  | Found a corrupted altar of Lugonu.
 69166 | Abyss:3  | Got an abyssal rune of Zot
 69199 | Depths:4 | Escaped the Abyss
 69276 | Zot:1    | Entered Level 1 of the Realm of Zot
 69580 | Zot:1    | Noticed an orb of fire
 69626 | Zot:1    | Killed an orb of fire
 70557 | Zot:2    | Noticed an ancient lich
 70567 | Zot:2    | Reached skill level 10 in Hexes
 71176 | Zot:2    | Killed an ancient lich
 71195 | Zot:2    | HP: 7/230 [Killer Klown/klown pie (32)]
 71198 | Zot:2    | Mangled by a Killer Klown

Levels and vault maps discovered:
D:1:      mainiacjoe_arrival_reflecting_pool, layout_rooms, chequers_arboretum
D:2:      layout_rooms, first_ration, chequers_serial_rivers_micro_d
D:3:      layout_rooms
D:4:      layout_basic
D:5:      layout_loops_ring, kennysheep_mini_moat, grunt_decor_resistance
D:6:      layout_loops_corners, minmay_manual_mares
D:7:      layout_gridville, minmay_temple_entry_statues_pillars, serial_shops,
          shop, the_bakery, hangedman_decor_peaks_small
D:8:      layout_rooms, david_lair_shrubbed, nicolae_ossuary_entry_ruins
D:9:      layout_roguey, david_orc_2, enter_bailey_6, vehumet_altar_wand_db
D:10:     layout_rooms
D:11:     layout_roguey, uniq_urug
D:12:     layout_roguey, gauntlet_entry_generic, minmay_misc_feat_pillars,
          kennysheep_doodads, grunt_ministairs_15, minmay_misc_feat_plants
D:13:     layout_cave_pods, david_vaults_2, serial_shops, shop
D:14:     layout_roguey, serial_shops, shop, nrook_mini_vaults, basic_altar,
          grunt_ministairs_5, serial_park_tiny_pond, uniq_nessos, uniq_louise
D:15:     gammafunk_enter_depths_forms, layout_basic, chequers_hall_statues_y,
          uniq_kirke
Temple:   regret_index_temple_sigil_plot
Lair:1:   layout_regular_city, minmay_holes, mumra_transporter_accident
Lair:2:   layout_small_grid, elwin_shoals_entry_stream,
          minmay_snake_entry_guardpost_small, serial_bayou_pond_c,
          nzn_random_ring, lemuel_fruit_tree
Lair:3:   layout_cave_pods
Lair:4:   layout_cave_pods
Lair:5:   layout_regular_city, serial_bayou_pond_a, grunt_megastairs_4
Lair:6:   due_jungle_book, layout_regular_city, nicolae_slime_entry_slimehenge,
          nicolae_volcano_entry_two_sided
Shoals:1: layout_shoals
Shoals:2: layout_shoals, st_sunken_temple
Shoals:3: layout_shoals, uniq_polyphemus
Shoals:4: shoals_end_simple, layout_shoals, hangedman_feature_mirror
Snake:1:  layout_layer_cave
Snake:2:  layout_gridlike, serial_shops, nicolae_shop_crystal, drop_trap
Snake:3:  layout_grid_maze, minmay_snake_pond
Snake:4:  grunt_snake_rune_spirals, layout_onion
Slime:1:  layout_caves
Slime:2:  layout_caves
Slime:3:  layout_caves, nicolae_slime_round_cave
Slime:4:  layout_caves
Slime:5
Orc:1:    layout_caves, basic_altar, serial_shops, shop_scrolls, abandoned_shop
Orc:2:    st_orc_open, layout_caves, serial_shops, shop_fountains, shop,
          nicolae_shop_stone, shop, nicolae_shop_behind_doors, uniq_erolcha,
          uniq_jorgrun
Elf:1:    eino_elf_arrival_sip, layout_rooms, serial_shops, nicolae_shop_trees,
          minmay_elf_crystal_heptagon, drop_trap
Elf:2:    layout_onion_city, infiniplex_enter_wizlab_water, serial_shops,
          nicolae_shop_behind_doors, minmay_misc_feat_cross
Elf:3:    minmay_elf_hall, layout_onion_city
Vaults:1: nicolae_vaults_ninety_degrees, v_misc_3, nicolae_vaults_circle_grid_b,
          kennysheep_vaults_gozag_temple, hangedman_vaults_corner,
          hangedman_vaults_corner_blocks, hangedman_vaults_stretched_pinwheel,
          vaults_room_fancy_cross, vaults_dpeg_encased_lava, vaults_room_grid,
          layout_vaults_chaotic_city, serial_shops, shop
Vaults:2: minmay_crypt_entry_simple_statues, ontoclasm_vaults_ring_large,
          vaults_dpeg_cross, v_misc_5, hangedman_vaults_stagger,
          nicolae_vaults_bisected_exclaves, layout_vaults_omnigrid
Vaults:3: nicolae_vaults_inception_statues, nicolae_vaults_fighting_squares,
          v_misc_22, hangedman_vaults_stream, hangedman_vaults_pinch,
          nicolae_vaults_network_s, nicolae_vaults_circle_grid_b,
          ontoclasm_vaults_eye, ontoclasm_vaults_fault, vaults_room_fancy_cross,
          ontoclasm_vaults_tryst, v_misc_27, v_misc_3, layout_vaults_omnibox
Vaults:4: vaults_room_hangedman_quadrants, vaults_room_fours, v_pattern_2,
          hangedman_vaults_nails, dpeg_vaults_monster_row, vaults_room_corners,
          nicolae_vaults_big_ls, vaults_dpeg_ring, grunt_vaults_diagonal,
          ontoclasm_vaults_misaligned, ontoclasm_vaults_shuriken,
          vaults_dpeg_diagonal, layout_vaults_ring
Vaults:5
Crypt:1:  layout_basic, gammafunk_ghost_fury_of_okawaru, uniq_xtahua
Crypt:2:  layout_catacombs, basic_altar
Crypt:3:  due_elkab, layout_chaotic_city, tomb_entry_simple_bobbens
Depths:1: layout_forbidden_donut, hangedman_coc_ice_floe,
          corexii_hall_statues_u, nicolae_twisting_strands,
          nicolae_alphabet_shops, serial_sigils_hangedman_writhe, drop_trap,
          corexii_leaking_fountain, kennysheep_generic_room_16,
          minmay_shop_grove, uniq_mara
Depths:2: hangedman_stitches_corridor, layout_small_grid, enter_trove_0,
          minmay_misc_feat_roman, grunt_metal_band, serial_shops, shop
Depths:3: wad_courtyard, layout_cave_pools, hell_entry, pan_entry,
          minmay_misc_feat_hallway, nrook_kobold_shadow_demons,
          infiniplex_staircase_pillars_3b, firewood_loft, uniq_nikola,
          uniq_enchantress, uniq_asterion
Depths:4: pf_snail_temple, layout_cave_pools, infiniplex_staircase_door_maze,
          abyss_entry, hell_entry
Depths:5: evilmike_zot_entry_argh, layout_gridlike, enter_ziggurat_a,
          hangedman_abyss_entry_splay, hellmouth_1, serial_bayou_shore_a,
          minmay_shoptagon
Zot:1:    infiniplex_zot_generator, layout_onion, st_stairs_8,
          grunt_megastairs_2
Zot:2:    ebering_klown_carousel, layout_basic, hangedman_elemental_grid_stream

Skill      XL: |  1  2  3  4  5  6  7  8  9 10 11 12 13 14 15 16 17 18 19 20 21 22 23 24 25 26 27 |
---------------+----------------------------------------------------------------------------------+-----
Polearms       | 3 4 5 |  5.1
Shields        | 1 2 3 4 6 7 8 9 10 11 12 13 14 15 | 15.5
Fighting       | 3 4 5 6 7 9 10 11 12 13 14 15 16 17 18 19 20 21 | 21.7
Spellcasting   | 1 3 7 8 9 13 17 18 19 20 21 22 23 | 23.9
Necromancy     | 2 4 5 7 9 10 | 10.9
Axes           | 3 6 8 10 11 12 13 14 15 16 17 | 17.8
Translocations | 2 3 4 5 |  5.5
Staves         | 3 6 9 11 | 11.4
Dodging        | 5 6 9 11 | 11.6
Armour         | 6 7 9 |  9.0
Hexes          | 5 6 10 | 10.9
Air Magic      | 5 7 10 | 10.9
Charms         | 5 8 9 |  9.3
Evocations     | 7 11 12 | 12.1
Summonings     | 6 |  6.9
Fire Magic     | 5 8 |  8.4
Throwing       | |  1.5

Action                   |  1- 3 |  4- 6 |  7- 9 | 10-12 | 13-15 | 16-18 | 19-21 | 22-24 | 25-27 || total
-------------------------+-------+-------+-------+-------+-------+-------+-------+-------+-------++-------
Melee: Trident           |   129 |   319 |   497 |   894 |    24 |       |       |       |       ||  1863
       Broad axe         |       |       |       |   229 |  1263 |  1783 |  1907 |  2150 |  1907 ||  9239
Throw: Throwing net      |     2 |     3 |       |       |       |       |     1 |       |       ||     6
       Dart              |       |       |     1 |       |       |       |       |       |       ||     1
       Javelin           |       |       |       |       |     8 |       |       |       |       ||     8
 Cast: Spectral Weapon   |       |       |       |       |       |    56 |    48 |    48 |    10 ||   162
       Vampiric Draining |       |       |       |       |       |    23 |   157 |   100 |    66 ||   346
       Confusing Touch   |       |       |       |       |       |     1 |       |       |     1 ||     2
       Silence           |       |       |       |       |       |       |       |    12 |     8 ||    20
       Mephitic Cloud    |       |       |       |       |       |       |       |     2 |       ||     2
       Apportation       |       |       |       |       |       |       |       |     1 |       ||     1
       Borgnjor's Vile C |       |       |       |       |       |       |       |     8 |    66 ||    74
       Deflect Missiles  |       |       |       |       |       |       |       |     1 |     7 ||     8
       Passwall          |       |       |       |       |       |       |       |     1 |       ||     1
       Dispel Undead     |       |       |       |       |       |       |       |       |    14 ||    14
       Force Lance       |       |       |       |       |       |       |       |       |     8 ||     8
Invok: Potion Petition   |       |       |       |     2 |     2 |     6 |     1 |       |     8 ||    19
       Call Merchant     |       |       |       |     2 |     1 |     1 |     2 |     1 |     3 ||    10
 Abil: Stop Flying       |       |       |       |       |       |     2 |       |       |       ||     2
       Evoke Flight      |       |       |       |       |       |     2 |       |       |       ||     2
       Evoke Invisibilit |       |       |       |       |       |       |       |       |     1 ||     1
Evoke: Wand              |       |     5 |    12 |    15 |    19 |    22 |     5 |    24 |    15 ||   117
       Phial of floods   |       |       |       |     1 |     3 |     2 |       |       |     1 ||     7
       Phantom mirror    |       |       |       |       |       |       |       |     1 |     2 ||     3
       Box of beasts     |       |       |       |       |       |       |       |       |     1 ||     1
  Use: Scroll            |     2 |     5 |     8 |    14 |    20 |    21 |    26 |    17 |    32 ||   145
 Stab: Held in net/web   |       |     1 |       |       |       |       |       |       |       ||     1
       Distracted        |       |       |       |     2 |    13 |    21 |    30 |    34 |    24 ||   124
       Confused          |       |       |       |       |     9 |     6 |     3 |     3 |       ||    21
       Sleeping          |       |       |       |       |     1 |       |     1 |     1 |     1 ||     4
       Fleeing           |       |       |       |       |       |     1 |       |       |       ||     1
       Invisible         |       |       |       |       |       |       |       |       |     7 ||     7
Armor: Leather armour    |     8 |       |       |       |       |       |       |       |       ||     8
       Chain mail        |    10 |       |       |       |       |       |       |       |       ||    10
       Scale mail        |    34 |   132 |   189 |   246 |     6 |       |       |       |       ||   607
       Plate armour      |       |       |       |       |    81 |       |       |       |       ||    81
       Ring mail         |       |       |       |       |   250 |   348 |   311 |   334 |   388 ||  1631
Dodge: Dodged            |    37 |    78 |   168 |   443 |   609 |   692 |   710 |   927 |   898 ||  4562
       Deflected         |       |       |       |       |       |       |       |     5 |    68 ||    73
Block: Shield            |    44 |   149 |   269 |   564 |  1010 |  1461 |  1509 |  1463 |  1374 ||  7843
